 Dungeon Crawl Stone Soup version 0.16.1-18-g436b03c (webtiles) character file.

256 masdan the Insei (level 6, 0/46 HPs)
             Began as a Merfolk Transmuter on Apr 27, 2015.
             Slain by an ooze (5 damage)
             ... on level 3 of the Dungeon.
             The game lasted 00:15:52 (2833 turns).

masdan the Insei (Merfolk Transmuter)               Turns: 2833, Time: 00:15:52

Health: 0/46       AC:  2    Str: 13    XL:     6   Next: 16%
Magic:  9/13       EV: 21    Int: 12    God:
Gold:   52         SH:  0    Dex: 24    Spells: 4 memorised, 1 level left

rFire  . . .     SeeInvis .       - Unarmed
rCold  . . .     Clarity  .     c - melded +0 robe
rNeg   . . .     SustAb   .     (shield currently unavailable)
rPois  x         Gourm    .     (helmet currently unavailable)
rElec  .         Spirit   .     (cloak currently unavailable)
rCorr  .         Warding  .     (gloves currently unavailable)
rMut   .         Stasis   .     (boots currently unavailable)
MR     .....                    (no amulet)
Stlth  ++........               (no ring)
                                f - +5 ring of dexterity

@: spider-form (expiring), not resistant to hostile enchantments, unstealthy
A: (change form in water), (swift swim)
a: End Transformation


You were on level 3 of the Dungeon.
You were hungry.
You were a venomous arachnid creature.
You visited 1 branch of the dungeon, and saw 3 of its levels.

You collected 52 gold pieces.

Inventory:

Hand weapons
 e - a +0 dagger
 j - a +0 club
 l - a +0 hunting sling
 o - a +0 club
 s - a +0 short sword
 x - a +0 dagger
 y - a +0 falchion of flaming
 E - a +0 club
 F - a cursed -2 club
 G - a +0 dagger
 I - a cursed +0 dagger
 J - a +0 club
Missiles
 b - 12 arrows
 q - 48 stones (quivered)
Armour
 c - a +0 robe (melded)
 h - a +0 ring mail
 m - a +0 chain mail
 r - a +0 robe
 D - a +0 robe
 K - a +0 leather armour
Jewellery
 f - a +5 ring of dexterity (left front leg)
Scrolls
 g - 2 scrolls of identify {unknown}
 u - a scroll of recharging {unknown}
 w - 2 scrolls of magic mapping {unknown}
 A - a scroll of teleportation {unknown}
 B - a scroll of amnesia {unknown}
 C - a scroll of enchant weapon {unknown}
Potions
 i - a potion of restore abilities {unknown}
 k - 3 potions of brilliance {unknown}
 n - 3 potions of agility {unknown}
 v - 3 potions of might {unknown}
 z - 3 potions of heal wounds {unknown}
 H - a potion of ambrosia {unknown}
Books
 d - a book of Changes

   Spells                             Type                      Level
   a - Beastly Appendage              Transmutation                1
   b - Sticks to Snakes               Transmutation                2
   c - Spider Form                    Transmutation/Poison         3
   d - Ice Form                       Ice/Transmutation            4
   e - Blade Hands                    Transmutation                5
Comestibles
 a - 2 bread rations
 p - a royal jelly
 t - a beef jerky


   Skills:
 - Level 2.5 Fighting
 - Level 2.6 Dodging
 - Level 4.3 Unarmed Combat
 + Level 3.8 Spellcasting
 - Level 3.1 Transmutations
 * Level 2.9 Poison Magic


You had one spell level left.
You knew the following spells:

 Your Spells              Type           Power        Failure   Level  Hunger
a - Beastly Appendage     Trmt           #.....       21%         1    #......
b - Sticks to Snakes      Trmt           #.........   28%         2    ##.....
c - Spider Form           Trmt/Pois      #.........   41%         3    ###....
d - Blade Hands           Trmt           #.........   99%         5    ######.


Dungeon Overview and Level Annotations

Branches:
Dungeon (3/15)

Altars:
Sif Muna
Xom


Message History

The orc is almost dead.
You kill the orc!
Your transformation is almost over.
The orc priest misses you.
Things that are here:
a ring mail; an orc corpse You hit the orc priest.
The orc priest is poisoned.
The orc priest is moderately wounded.
The orc priest closely misses you.
You hit the orc priest.
The orc priest looks even sicker.
The orc priest is heavily wounded.
The orc priest misses you.
You bite the orc priest!
You kill the orc priest!
You bite the ooze!
The ooze is heavily wounded.
You bite the ooze!
The ooze is almost dead.
The ooze hits you.
You die...

..#'##
#.##.#....#.#<..#.#
.....#
#.##.#..#.#.###.#.#
.....#
#.##.#............#
...._#
#.##.#....#.#######
.....# #.##...#..#.#
..#.## #.###..##.#.#
..#.# #.###..##...#
###.# #....)......# #.#
######sJ##..#########
#.# #..............#
#.#
..!.....#...#.(.......#
.
........#..#.........#
........#............#
........##.#.........#
....... #.#.†.......#
...... #.#.........#
..... .#.#'####'##


You could see an ooze.

Vanquished Creatures
  The ghost of gabygaby the Chiller, an average GrIE of Vehumet (D:3)
  A giant frog (D:3)
  An orc priest (D:3)
  An orc wizard (D:3)
  3 giant mites (D:3)
  3 worms
  6 orcs (D:3)
  4 bats
  2 giant cockroaches
  5 hobgoblins
  10 kobolds
  A giant newt (D:1)
  8 goblins
  3 rats
49 creatures vanquished.

Notes
Turn   | Place    | Note
--------------------------------------------------------------
     0 | D:1      | masdan, the Merfolk Transmuter, began the quest for the Orb.
     0 | D:1      | Reached XP level 1. HP: 15/15 MP: 3/3
   107 | D:1      | Reached XP level 2. HP: 21/21 MP: 4/4
   114 | D:1      | Learned a level 2 spell: Sticks to Snakes
   950 | D:2      | Reached XP level 3. HP: 13/26 MP: 3/6
  1116 | D:2      | Learned a level 3 spell: Spider Form
  1543 | D:2      | Found a deep blue altar of Sif Muna.
  1959 | D:3      | Noticed a giant frog
  1988 | D:3      | Killed a giant frog
  1988 | D:3      | Reached skill level 4 in Unarmed Combat
  1988 | D:3      | Reached XP level 4. HP: 8/34 MP: 2/9
  2267 | D:3      | Noticed gabygaby's ghost (average GrIE)
  2279 | D:3      | Killed gabygaby's ghost
  2279 | D:3      | Reached skill level 1 in Poison Magic
  2279 | D:3      | Reached XP level 5. HP: 14/39 MP: 3/11
  2475 | D:3      | Learned a level 5 spell: Blade Hands
  2480 | D:3      | Found a shimmering altar of Xom.
  2750 | D:3      | Reached XP level 6. HP: 22/46 MP: 1/13
  2833 | D:3      | Slain by an ooze

Action                   |  1- 3 |  4- 6 || total
-------------------------+-------+-------++-------
Melee: Unarmed           |    98 |    58 ||   156
Throw: Stone             |     3 |     1 ||     4
 Cast: Beastly Appendage |    13 |     2 ||    15
       Spider Form       |     6 |     9 ||    15
  Eat: Chunk             |     4 |       ||     4
       Bread ration      |       |     1 ||     1
